 Dungeon Crawl Stone Soup version 0.21-a0-442-g848f44b (webtiles) character file.

1869 tilp the Arsonist (level 8, 0/41 HPs)
             Began as a Deep Elf Fire Elementalist on Nov 15, 2017.
             Was a Follower of Vehumet.
             Slain by an ogre
             ... wielding a +0 giant spiked club
              (12 damage)
             ... on level 6 of the Dungeon.
             The game lasted 00:25:48 (7984 turns).

tilp the Arsonist (Deep Elf Fire Elementalist)      Turns: 7984, Time: 00:25:49

Health: 0/41       AC:  7    Str:  6    XL:     8   Next: 90%
Magic:  22/22      EV: 12    Int: 22    God:    Vehumet [*.....]
Gold:   358        SH:  0    Dex: 15    Spells: 7/23 levels left

rFire    . . .     SeeInvis .   e - +0 dagger
rCold    + . .     Gourm    .   (no shield)
rNeg     . . .     Faith    +   n - +2 leather armour {rC+}
rPois    .         Spirit   .   (no helmet)
rElec    .         Reflect  .   (no cloak)
rCorr    .         Harm     .   (no gloves)
MR       .....                  C - +1 pair of boots
Stlth    ++........             l - amulet of faith
HPRegen  0.13/turn              (no ring)
MPRegen  0.18/turn              (no ring)

@: invisible
A: no striking features
a: Renounce Religion


You were on level 6 of the Dungeon.
You worshipped Vehumet.
Vehumet was aware of your devotion.
You were not hungry.

You visited 2 branches of the dungeon, and saw 8 of its levels.

You collected 358 gold pieces.

Inventory:

Hand Weapons
 e - a +0 dagger (weapon)
 o - a cursed +2 falchion
Missiles
 q - 4 silver javelins (quivered)
 u - 9 tomahawks
Armour
 n - a +2 leather armour of cold resistance (worn)
 s - a +2 robe of magic resistance
 B - a +0 buckler
 C - a +1 pair of boots (worn)
 E - a +0 ring mail of cold resistance
Jewellery
 l - an amulet of faith (around neck)
 r - an uncursed ring of see invisible {unknown}
Wands
 a - a wand of polymorph (1/24)
 F - a wand of digging (10/24)
Scrolls
 h - a scroll of fear {unknown}
 j - 2 scrolls of fog {unknown}
 p - 8 scrolls of remove curse
 v - a scroll of teleportation {unknown}
 x - a scroll of magic mapping {unknown}
 y - 2 scrolls of recharging {unknown}
Potions
 d - a potion of lignification {unknown}
 f - 5 potions of curing
 g - a potion of haste {unknown}
 i - a potion of invisibility
 m - a potion of ambrosia
 w - a potion of heal wounds {unknown}
 z - 2 potions of degeneration {unknown}
 A - 3 potions of might {unknown}
Books
 b - a book of Flames

   Spells                             Type                      Level
   a - Flame Tongue                   Conjuration/Fire             1
   b - Throw Flame                    Conjuration/Fire             2
   c - Conjure Flame                  Conjuration/Fire             3
   d - Inner Flame                    Hexes/Fire                   3
   e - Sticky Flame                   Conjuration/Fire             4
   f - Fireball                       Conjuration/Fire             5
Comestibles
 c - 4 bread rations
 k - 6 royal jellies
 t - 2 meat rations
 D - 4 chunks of flesh


   Skills:
 - Level 2.4 Dodging
 - Level 2.4 Stealth
 - Level 8.0 Spellcasting
 + Level 7.8 Conjurations
 + Level 8.5 Fire Magic


You had 7 spell levels left.
You knew the following spells:

 Your Spells              Type           Power        Failure   Level  Hunger
a - Flame Tongue          Conj/Fire      #####        1%          1    None
b - Throw Flame           Conj/Fire      #####.       1%          2    None
c - Conjure Flame         Conj/Fire      #####...     1%          3    None
d - Sticky Flame          Conj/Fire      #####...     4%          4    ###....
e - Fireball              Conj/Fire      #####.....   11%         5    #####..
f - Freeze                Ice            #...         12%         1    None


Dungeon Overview and Level Annotations

Branches:
Dungeon (7/15)             Temple (1/1) D:4

Altars:
Ashenzari
Cheibriados
Dithmenos
Elyvilon
Fedhas
Gozag
Hepliaklqana
Kikubaaqudgha
Makhleb
Nemelex Xobeh
Okawaru
Qazlal
Ru
Sif Muna
Trog
Uskayaw
Vehumet
Wu Jian
Xom
Yredelemnul
Zin
The Shining One

Shops:
D:7 %


Message History

The ogre barely misses you.
You climb upwards.
There is a stone staircase leading down here.
You climb downwards.
The water moccasin bites you.
The ogre hits you with a giant spiked club!
A centaur skeleton comes into view.
There is a stone staircase leading up here.
Unknown command.
The water moccasin barely misses you. The shadow imp gestures at you.
Pain shoots through your body! The water moccasin bites you.
* * * LOW HITPOINT WARNING * * *
You climb upwards.
There is a stone staircase leading down here.
Unknown command.
Okay, then.
You fade into invisibility!
The shadow imp hits you but does no damage.
The ogre hits you with a giant spiked club!
You die...

#### #........)..#
#..####...........# ###
##...####.........#############..
####..............#.............#
......#...........#.#.....#.#####
..................#.........#
......#....................##
...............O5..........#
......#.........@.........#######
......#........S.................
...........................#.#...
...........................#.....
#.....###.................####...
#.........#......................
......#####.#............#####...
#.....### #............#.# #...
........###..............#####...


You could see a water moccasin, an ogre and a shadow imp.

Vanquished Creatures
  The ghost of Autsider the Ruffian, a novice VSTm of Ashenzari (D:6)
  Sigmund (D:5)
  A sky beast (D:5)
  A phantom (D:4)
  3 ogres
  A big kobold (D:3)
  2 bullfrogs
  A gnoll sergeant (D:6)
  2 killer bees (D:3)
  3 wights (D:6)
  A hound (D:3)
  2 jellies
  An orc priest (D:4)
  Jessica (D:2)
  An iguana (D:4)
  2 orc wizards (D:4)
  2 worker ants
  2 hound skeletons
  3 gnolls (D:6)
  7 adders
  2 oozes
  An adder skeleton (D:4)
  4 worms
  4 dart slugs
  3 leopard geckos
  13 orcs
  5 giant cockroaches
  11 goblins
  10 hobgoblins
  3 jackals (D:1)
  15 kobolds
  A quokka (D:2)
  5 bats
  7 frilled lizards
  A leopard gecko skeleton (D:4)
  5 rats
128 creatures vanquished.

Notes
Turn   | Place    | Note
-------+----------+-------------------------------------------
     0 | D:1      | tilp the Deep Elf Fire Elementalist began the quest for the Orb.
     0 | D:1      | Reached XP level 1. HP: 10/10 MP: 6/6
   439 | D:1      | Reached XP level 2. HP: 15/15 MP: 5/8
   443 | D:1      | Learned a level 2 spell: Throw Flame
  1054 | D:1      | Reached XP level 3. HP: 19/19 MP: 5/10
  1059 | D:1      | Learned a level 3 spell: Conjure Flame
  2003 | D:2      | Reached XP level 4. HP: 24/24 MP: 9/12
  2030 | D:2      | Noticed Jessica
  2093 | D:2      | Killed Jessica
  2116 | D:2      | Learned a level 4 spell: Sticky Flame
  2744 | D:3      | Reached XP level 5. HP: 26/28 MP: 7/14
  2821 | D:3      | Reached skill level 5 in Spellcasting
  3671 | D:3      | Reached skill level 5 in Fire Magic
  3671 | D:3      | Reached XP level 6. HP: 15/32 MP: 4/16
  3876 | D:3      | Learned a level 5 spell: Fireball
  4418 | D:4      | Found a staircase to the Ecumenical Temple.
  4520 | Temple   | Entered the Ecumenical Temple
  4785 | Temple   | Became a worshipper of Vehumet
  5089 | D:4      | Reached XP level 7. HP: 36/36 MP: 9/18
  5657 | D:4      | Reached skill level 5 in Conjurations
  6169 | D:5      | Entered Level 5 of the Dungeon
  6324 | D:5      | Noticed Sigmund
  6333 | D:5      | Killed Sigmund
  6333 | D:5      | Reached XP level 8. HP: 41/41 MP: 9/21
  6801 | D:5      | Found a white marble altar of Elyvilon.
  7194 | D:6      | Reached * piety under Vehumet
  7194 | D:6      | Offered knowledge of Freeze by Vehumet.
  7199 | D:6      | Learned a level 1 spell: Freeze
  7356 | D:6      | Noticed Autsider's ghost (novice VSTm)
  7376 | D:6      | Killed Autsider's ghost
  7525 | D:6      | Found a sparkling altar of Nemelex Xobeh.
  7977 | D:7      | Found Fiankeob's Food Shoppe.
  7984 | D:6      | Slain by an ogre

Vault maps used:
D:1:      lightli_arrival_quake
D:2:      kennysheep_generic_room_9, uniq_jessica
D:3:      cheibrodos_thug_alley
D:4:      minmay_temple_entry_mist, small_statue_intersection
D:5:      elyvilon_altar_1, first_bread, uniq_sigmund
D:6:      nemelex_xobeh_ov_fountains_minmay
D:7:      serial_shops, shop
Temple:   regret_index_temple_sigil_plot

Skill      XL: |  1  2  3  4  5  6  7  8 |
---------------+-------------------------+-----
Conjurations   | 2 3 4 5 7 |  7.8
Spellcasting   | 4 5 6 7 8 |  8.0
Fire Magic     | 4 5 6 8 |  8.5
Dodging        | |  2.4
Stealth        | |  2.4

Action                   |  1- 3 |  4- 6 |  7- 9 || total
-------------------------+-------+-------+-------++-------
Melee: Dagger            |     1 |     4 |     2 ||     7
Throw: Stone             |     4 |       |       ||     4
 Cast: Flame Tongue      |    43 |    58 |   101 ||   202
       Throw Flame       |    22 |    43 |    16 ||    81
       Sticky Flame      |       |     7 |     4 ||    11
       Conjure Flame     |       |     4 |    13 ||    17
Evoke: Wand              |       |     2 |       ||     2
  Use: Scroll            |       |     6 |     1 ||     7
       Potion            |       |       |     1 ||     1
 Stab: Sleeping          |     1 |     1 |       ||     2
  Eat: Chunk             |     4 |    10 |     4 ||    18
       Fruit             |       |     1 |       ||     1
       Meat ration       |       |       |     1 ||     1
Armor: Robe              |     1 |       |       ||     1
       Leather armour    |     1 |     9 |     4 ||    14
Dodge: Dodged            |     7 |    14 |    11 ||    32

Table legend:
 A = Spawn XP
 B = Non-spawn XP
 C = Spawn XP percentage of total XP
 D = Spawn monster count
 E = Non-spawn monster count
 F = Spawn count percentage of total count
 G = Total turns spent on level
                    A         B        C        D         E        F      G
               +---------+---------+-------+---------+---------+-------+---------
         Total |       0 |    2670 |   0.0 |       0 |     128 |   0.0 |  7984
               +---------+---------+-------+---------+---------+-------+---------
           D:1 |       0 |      50 |   0.0 |       0 |      23 |   0.0 |  1451
           D:2 |       0 |     124 |   0.0 |       0 |      29 |   0.0 |  1146
           D:3 |       0 |     355 |   0.0 |       0 |      26 |   0.0 |  1510
           D:4 |       0 |     634 |   0.0 |       0 |      30 |   0.0 |  1780
           D:5 |       0 |     613 |   0.0 |       0 |       8 |   0.0 |   959
           D:6 |       0 |     894 |   0.0 |       0 |      12 |   0.0 |   852
               +---------+---------+-------+---------+---------+-------+---------
